 Dungeon Crawl Stone Soup version 0.19-a0-1720-gc855d72 (webtiles) character file.

44163 Charly the Severer (level 13, -10/124 HPs)
             Began as a Deep Dwarf Monk on Sept 29, 2016.
             Was the Champion of Makhleb.
             Mangled by a flail of venom (12 damage)
             ... on level 2 of the Elven Halls.
             The game lasted 01:39:14 (5368 turns).

Charly the Severer (Deep Dwarf Monk)                Turns: 5368, Time: 01:39:15

Health: -10/124    AC:  6    Str: 20    XL:     13   Next: 94%
Magic:  10/10      EV: 15    Int: 16    God:    Makhleb [******]
Gold:   251        SH:  0    Dex: 23    Spells: 4 memorised, 2 levels left

rFire  + . .     SeeInvis .     a - +3 battleaxe of Uskayaw's Benevolence {venom, Str-5 Dex+6}
rCold  + . .     Gourm    .     x - +1 chain mail of the Curious Wonders {+Blink rC+ Regen+ Stlth-}
rNeg   . . .     Faith    .     (shield currently unavailable)
rPois  +         Spirit   .     H - +0 helmet "Zigecum" {*Drain rF+ Int+3} (curse)
rElec  .         Dismiss  +     j - +2 cloak
rCorr  .         Reflect  .     (no gloves)
MR     +....     Harm     .     (no boots)
Stlth  ..........               F - amulet of dismissal
                                w - +5 ring of slaying
                                y - ring of Nihilism {rPois AC+3 Str+4}

@: mighty, lethally poisoned (-10 -> -10), corroded, non-regenerating, drained
A: damage resistance, recharge devices, sense surroundings 2, slow regeneration
3
a: Device Recharging, Minor Destruction, Lesser Servant of Makhleb, Major
Destruction, Greater Servant of Makhleb, Renounce Religion, Evoke Blink


You were on level 2 of the Elven Halls.
You worshipped Makhleb.
Makhleb was exalted by your worship.
You were hungry.

You visited 5 branches of the dungeon, and saw 27 of its levels.
You also visited: Ice Cave.

You collected 1389 gold pieces.
You spent 1138 gold pieces at shops.

Inventory:

Hand Weapons
 a - the +3 battleaxe of Uskayaw's Benevolence (weapon) {venom, Str-5 Dex+6}
   (You bought it in a shop on level 7 of the Dungeon)

   It poisons the flesh of those it strikes.
   It affects your strength (-5).
   It affects your dexterity (+6).
 b - the +6 arbalest "Damnation" {damnation}
   (You found it on level 13 of the Dungeon)
 d - a +1 flail of crushing
 s - a +4 war axe of freezing
Armour
 j - a +2 cloak (worn)
 x - the +1 chain mail of the Curious Wonders (worn) {+Blink rC+ Regen+ Stlth-}
   (You bought it in a shop on level 7 of the Dungeon)

   It protects you from cold.
   It lets you blink.
   It increases your rate of regeneration.
   It makes you less stealthy.
 H - the cursed +0 helmet "Zigecum" (worn) {*Drain rF+ Int+3}
   (You found it on level 2 of the Lair of Beasts)

   It affects your intelligence (+3).
   It protects you from fire.
   It causes draining when unequipped.
   It has a curse placed upon it.
Magical Staves
 o - an uncursed staff of power
Jewellery
 e - the ring of Wibuam {Wiz rElec}
   (You bought it in a shop on level 2 of the Orcish Mines)

   [ring of wizardry]

   It improves your spell success rate.
   It insulates you from electricity.
 w - a +5 ring of slaying (right hand)
 y - the ring of Nihilism (left hand) {rPois AC+3 Str+4}
   (You bought it in a shop on level 7 of the Dungeon)

   [ring of protection]

   It affects your AC (+3).
   It affects your strength (+4).
   It protects you from poison.
 F - an amulet of dismissal (around neck)
Wands
 c - a wand of heal wounds (0/9)
 h - a wand of digging (4/24)
 n - a wand of digging (12/24)
 C - a wand of teleportation (4/9)
 D - a wand of confusion (35/48)
 K - a wand of enslavement (15/24)
Scrolls
 k - 4 scrolls of fear
 q - 5 scrolls of teleportation
 u - 4 scrolls of remove curse
 v - 2 scrolls of enchant armour
 I - a scroll of enchant weapon
 L - a scroll of immolation
Potions
 g - 5 potions of flight
 l - 4 potions of haste
 m - 2 potions of degeneration
 p - 2 potions of curing
 r - 2 potions of agility {unknown}
 z - a potion of ambrosia {unknown}
 A - 3 potions of lignification
 E - 2 potions of brilliance
 J - a potion of invisibility
 M - a potion of cure mutation {unknown}
Books
 i - a book of Spatial Translocations

   Spells                             Type                      Level
   a - Apportation                    Translocation                1
   b - Blink                          Translocation                2
   c - Shroud of Golubria             Charms/Translocation         2
   d - Portal Projectile              Translocation                3
   e - Teleport Other                 Translocation                3
   f - Passage of Golubria            Translocation                4
Comestibles
 f - 4 meat rations
 G - 2 bread rations


   Skills:
 + Level 10.5(10.1) Fighting
 * Level 17.4(17.0) Axes
 + Level 11.9(11.5) Armour
 + Level 9.6(9.2) Dodging
 - Level 2.4(2.1) Stealth
 - Level 4.1(3.8) Invocations


You had 2 spell levels left.
You knew the following spells:

 Your Spells              Type           Power        Failure   Level  Hunger
a - Apportation           Tloc           #.........   98%         1    ##.....
b - Blink                 Tloc           N/A          99%         2    ###....
p - Passwall              Tmut/Erth      #.........   99%         2    ###....
Q - Silence               Hex/Air        #.........   100%        5    ######.


Dungeon Overview and Level Annotations

Branches:
Dungeon (15/15)            Temple (1/1) D:7            Lair (6/6) D:8
 Shoals (0/4) Lair:3       Spider (0/4) Lair:4        Slime (0/5) Lair:5
    Orc (2/2) D:11            Elf (3/3) Orc:2        Depths (0/5) D:15
 Vaults: D:13-14

Altars:
Ashenzari
Cheibriados
Hepliaklqana
Kikubaaqudgha
Makhleb
Nemelex Xobeh
Qazlal
Uskayaw
Vehumet
Yredelemnul
Zin
The Shining One
Beogh

Shops:
D:6 %   D:7 %}=[(   Orc:2 =*(}   Elf:1 *   Elf:2 [   Elf:3 [

Annotations:
Lair:4 p0werm0de's ghost, journeyman DDCK


Innate Abilities, Weirdness & Mutations

You are resistant to damage.
You can recharge devices by infusing magical energy.
You passively map the area around you.
You do not regenerate.


Message History

The trident of piercing hits you from afar!
* * * LOW HITPOINT WARNING * * *
The deep elf mage closely misses you. The flail of venom misses you.
The rust devil misses you.
The deep elf mage casts a spell.
The deep elf mage blinks!
Unknown command.
Unknown command.
You slash the deep elf mage!
The deep elf mage looks as sick as possible!
The deep elf mage is severely wounded.
You slash the tarantella!
You kill the tarantella!
The tarantella's corpse disappears in a puff of smoke!
You barely miss the flail of venom. You hit the rust devil.
You hit the battlesphere but do no damage.
The trident of piercing hits you from afar!
* * * LOW HITPOINT WARNING * * *
x2 The flail of venom hits you!
You die...

#.)...#.....##,***
, *,, ,
,##...#.#...## ,
*, * ####'''#### *
** * * #..)#####
## , ** ,
++#''...##*#.##**,
* ,
###.....##...##. ,
* ,
................
,, , ,
,,......§.4..# ,,,
, , ,
,....e.(@..##* ,,
* , ,,.......§e.##
* , ,
.........(e.#* ,,
, * ,,
...........*..# ,
, , ,
............., , ,
.............. , ,
,,
,............... ,
, ,
............... ,
, , ,, ,,,, , ,, *


You could see a rust devil, 3 deep elf magi, 2 dancing weapons and a
battlesphere.

Vanquished Creatures
  A hydra (D:14)
  A centaur warrior (D:14)
  7 dancing weapons
  4 deep elf knights
  A deep elf archer (Elf:2)
  An orc knight (D:11)
  6 hill giants
  A manticore (Lair:3)
  5 ugly things (D:14)
  6 orc sorcerers
  15 deep elf magi
  Joseph (D:7)
  Maurice (D:9)
  6 elephants (Lair:3)
  A centaur zombie (D:14)
  3 spiny frogs
  A rime drake (Lair:4)
  An efreet (D:13)
  A komodo dragon (Lair:3)
  A freezing wraith (D:14)
  4 trolls
  4 hippogriffs
  A meliai zombie (D:14)
  4 blink frogs (Lair:3)
  A slime creature (D:9)
  A spriggan (Lair:4)
  A shadow (D:15)
  An air elemental (Elf:1)
  2 wyverns
  A vampire (D:14)
  The ghost of Charly the Chopper, an amateur DDMo (D:5)
  10 yaks
  Eustachio (D:6)
  3 hungry ghosts
  3 basilisks
  A vampire mosquito (D:12)
  Menkaure (D:5)
  7 wargs (Orc:2)
  6 water moccasins
  Duvessa (D:4)
  2 hell hounds (D:8)
  16 orc warriors
  An ice beast (D:5)
  A porcupine (Lair:3)
  A black bear (D:8)
  7 ogres
  An eye of draining (D:12)
  3 sky beasts
  9 centaurs
  4 wolves (Lair:2)
  4 phantoms
  A crocodile (Lair:3)
  9 bullfrogs
  A gnoll sergeant (Orc:2)
  Dowan (D:4)
  2 scorpions
  A howler monkey (D:12)
  A bullfrog zombie (D:6)
  3 crimson imps
  A hound (D:7)
  2 centaur skeletons
  3 jellies
  Crazy Yiuf (D:4)
  12 orc priests
  2 iguanas
  Ijyb (D:3)
  Natasha (thrice) (D:4)
  37 orc wizards
  5 worker ants
  A worker ant zombie (D:5)
  8 adders
  3 gnolls (Orc:2)
  25 river rats
  2 shadow imps
  12 white imps
  An adder skeleton (D:7)
  A worm (D:5)
  3 dart slugs
  3 leopard geckos
  70 orcs
  A ball python (D:5)
  2 giant cockroaches
  2 hobgoblins
  6 jackals
  5 quokkas
  2 bats (D:3)
  A frilled lizard (D:3)
  3 goblins
  A jackal skeleton (D:8)
  3 kobolds
  A quokka skeleton (D:5)
  2 rats (D:3)
  2 fungi (Lair:3)
  A plant (Lair:3)
414 creatures vanquished.

Vanquished Creatures (collateral kills)
  A hydra (Lair:3)
  A hill giant (D:13)
  2 orc sorcerers (Orc:2)
  An orc (Orc:2)
5 creatures vanquished.

Vanquished Creatures (others)
  An orc wizard (Orc:2)
1 creature vanquished.

Grand Total: 420 creatures vanquished

Notes
Turn   | Place    | Note
-------+----------+-------------------------------------------
     0 | D:1      | Charly the Deep Dwarf Monk began the quest for the Orb.
     0 | D:1      | Reached XP level 1. HP: 20/20 MP: 1/1
   101 | D:2      | Reached XP level 2. HP: 16/27 MP: 2/2
   122 | D:3      | Reached skill level 4 in Axes
   146 | D:3      | Reached XP level 3. HP: 23/33 MP: 3/3
   159 | D:3      | Noticed Ijyb
   183 | D:3      | Killed Ijyb
   183 | D:3      | Reached skill level 5 in Axes
   221 | D:4      | Noticed Natasha
   234 | D:4      | Killed Natasha
   234 | D:4      | Reached skill level 1 in Armour
   234 | D:4      | Reached XP level 4. HP: 36/40 MP: 4/4
   272 | D:5      | Entered Level 5 of the Dungeon
   284 | D:5      | Found a snail-covered altar of Cheibriados.
   284 | D:5      | Noticed Menkaure
   300 | D:5      | Noticed Charly's ghost (amateur DDMo)
   309 | D:5      | Killed Menkaure
   309 | D:5      | Reached skill level 6 in Axes
   309 | D:5      | Reached XP level 5. HP: 41/46 MP: 4/4
   319 | D:5      | Noticed a centaur
   346 | D:7      | Found Gokkuat's Jewellery Shop.
   396 | D:7      | Reached XP level 6. HP: 17/55 MP: 5/5
   411 | D:7      | Noticed Joseph
   462 | D:7      | Killed Joseph
   462 | D:7      | Reached skill level 8 in Axes
   462 | D:7      | Reached XP level 7. HP: 18/61 MP: 5/5
   476 | D:7      | Found Ticw's Antique Armour Shoppe.
   520 | D:7      | Found Eniusieg's Gadget Boutique.
   581 | D:7      | Found Wadaon's Antique Weapon Boutique.
   709 | D:6      | Found Soban's Food Shoppe.
   768 | D:6      | Found a glowing golden altar of the Shining One.
   786 | D:6      | Reached skill level 9 in Axes
   913 | D:5      | Killed Charly's ghost
   913 | D:5      | Reached XP level 8. HP: 36/72 MP: 6/6
   960 | D:5      | Found a stormy altar of Qazlal.
  1035 | D:4      | Found a shattered altar of Ashenzari.
  1045 | D:4      | Noticed Duvessa
  1045 | D:4      | Noticed Dowan
  1053 | D:4      | Killed Duvessa
  1053 | D:4      | Reached skill level 10 in Axes
  1055 | D:4      | Killed Dowan
  1153 | D:3      | Reached skill level 5 in Armour
  1201 | D:4      | Noticed a moth of wrath
  1354 | D:4      | Found a runed door.
  1358 | D:4      | Noticed Crazy Yiuf
  1423 | D:6      | Noticed Eustachio
  1441 | D:6      | Killed Eustachio
  1613 | D:4      | Reached skill level 5 in Fighting
  1613 | D:4      | Gained mutation: You passively map the area around you. [Deep Dwarf growth]
  1613 | D:4      | Reached XP level 9. HP: 44/81 MP: 5/5
  1617 | D:4      | Killed Crazy Yiuf
  1682 | D:4      | Noticed Natasha
  1687 | D:4      | Killed Natasha
  1690 | D:4      | Noticed Natasha
  1693 | D:4      | Killed Natasha
  1773 | D:7      | Found Fuacrau's Food Emporium.
  1789 | D:7      | Found a staircase to the Ecumenical Temple.
  1794 | D:7      | Reached skill level 11 in Axes
  1804 | Temple   | Entered the Ecumenical Temple
  1837 | Temple   | Became a worshipper of Makhleb the Destroyer
  1837 | Temple   | Reached * piety under Makhleb
  1837 | Temple   | Reached ** piety under Makhleb
  1907 | D:8      | Found a staircase to the Lair.
  1954 | D:8      | Found a radiant altar of Vehumet.
  2032 | D:9      | Noticed Maurice
  2039 | D:9      | Killed Maurice
  2048 | D:10     | Entered Level 10 of the Dungeon
  2126 | D:11     | Reached skill level 12 in Axes
  2153 | D:11     | Found a staircase to the Orcish Mines.
  2178 | Orc:1    | Entered Level 1 of the Orcish Mines
  2178 | Orc:1    | Noticed an orc knight
  2180 | Orc:1    | Noticed an orc sorcerer
  2186 | Orc:1    | Noticed a red devil
  2215 | D:11     | Killed an orc knight
  2215 | D:11     | Reached XP level 10. HP: 57/92 MP: 6/6
  2233 | Orc:1    | Killed an orc sorcerer
  2250 | Orc:1    | Reached *** piety under Makhleb
  2270 | Orc:2    | Entered Level 2 of the Orcish Mines
  2289 | Orc:2    | Noticed an orc sorcerer
  2302 | Orc:2    | Killed an orc sorcerer
  2305 | Orc:2    | Noticed an orc sorcerer
  2320 | Orc:1    | Reached skill level 13 in Axes
  2431 | Orc:2    | Noticed a soul eater
  2437 | Orc:2    | Noticed an orange demon
  2439 | Orc:2    | Killed an orc sorcerer
  2447 | Orc:2    | Found a frozen archway.
  2471 | Orc:2    | Reached **** piety under Makhleb
  2506 | Orc:2    | Learned a level 5 spell: Silence
  2530 | IceCv    | Entered an ice cave
  2770 | D:12     | Reached XP level 11. HP: 100/100 MP: 2/9
  2798 | D:13     | Noticed a hill giant
  2805 | D:13     | Killed a hill giant
  2843 | D:13     | Reached skill level 14 in Axes
  2857 | D:13     | Found a hide-covered altar of Uskayaw.
  2934 | D:13     | Noticed a vault guard
  3156 | D:7      | Bought a dazzling battleaxe for 356 gold pieces
  3156 | D:7      | Identified the +3 battleaxe of Uskayaw's Benevolence {venom, Str-5 Dex+6} (You bought it in a shop on level 7 of the Dungeon)
  3165 | D:7      | Reached ***** piety under Makhleb
  3179 | D:7      | Bought a warped chain mail for 266 gold pieces
  3189 | D:7      | Identified the +1 chain mail of the Curious Wonders {+Blink rC+ Regen+ Stlth-} (You bought it in a shop on level 7 of the Dungeon)
  3226 | D:7      | Bought the ring of Nihilism {rPois AC+3 Str+4} for 406 gold pieces
  3275 | Lair:1   | Entered Level 1 of the Lair of Beasts
  3433 | Lair:3   | Found a staircase to the Shoals.
  3454 | Lair:3   | Learned a level 1 spell: Apportation
  3457 | Lair:3   | Learned a level 2 spell: Blink
  3486 | Lair:3   | Reached skill level 5 in Dodging
  3541 | Lair:3   | Noticed a seven-headed hydra
  3580 | Lair:4   | Found a hole to the Spider Nest.
  3725 | Lair:4   | Noticed p0werm0de's ghost (journeyman DDCK)
  3745 | Lair:5   | Reached skill level 15 in Axes
  3745 | Lair:5   | Reached XP level 12. HP: 112/112 MP: 10/10
  3759 | Lair:5   | Found a staircase to the Slime Pits.
  3779 | Lair:6   | Entered Level 6 of the Lair of Beasts
  3883 | Lair:3   | Killed a seven-headed hydra
  3925 | Lair:2   | Got a brightly glowing helmet
  3936 | Lair:2   | Identified the cursed +0 helmet "Zigecum" {*Drain rF+ Int+3} (You found it on level 2 of the Lair of Beasts)
  3977 | Lair:3   | Reached skill level 10 in Armour
  4027 | Lair:1   | Learned a level 2 spell: Passwall
  4348 | D:14     | Reached ****** piety under Makhleb
  4367 | D:14     | Reached skill level 16 in Axes
  4428 | D:14     | Noticed a six-headed hydra
  4442 | D:14     | Killed a six-headed hydra
  4475 | D:14     | Noticed a centaur warrior
  4486 | D:14     | Killed a centaur warrior
  4500 | D:14     | Reached XP level 13. HP: 115/121 MP: 11/11
  4514 | D:15     | Entered Level 15 of the Dungeon
  4541 | D:15     | Found a glowing silver altar of Zin.
  4773 | Orc:2    | Found Urushum's Gadget Emporium.
  4773 | Orc:2    | Found Esesaluz's Antique Weapon Boutique.
  4817 | Orc:2    | Found a roughly hewn altar of Beogh.
  4832 | Orc:2    | Found Sadynuc's Assorted Antiques.
  4854 | Orc:2    | Found Ucwufiaf's Jewellery Boutique.
  4875 | Orc:2    | Bought a scorched bone ring for 110 gold pieces
  4876 | Orc:2    | Identified the ring of Wibuam {Wiz rElec} (You bought it in a shop on level 2 of the Orcish Mines)
  4890 | Orc:2    | Found a staircase to the Elven Halls.
  4913 | Elf:1    | Entered Level 1 of the Elven Halls
  4931 | Elf:1    | Reached skill level 10 in Fighting
  5049 | Elf:2    | Found Xonysa's Antique Armour Boutique.
  5067 | Elf:2    | Reached skill level 17 in Axes
  5096 | Elf:1    | Found Dosaampo's General Store.
  5231 | Elf:3    | Entered Level 3 of the Elven Halls
  5231 | Elf:3    | Found Esackidu's Antique Armour Shop.
  5321 | Elf:2    | Found a runed gate.
  5321 | Elf:2    | Found a runed gate.
  5333 | Elf:2    | Found a runed gate.
  5368 | Elf:2    | HP: 3/124 [trident of piercing (12)]
  5368 | Elf:2    | Mangled by a flail of venom

Vault maps used:
D:1:      saegor_arrival_simple_c
D:2:      serial_forest, infiniplex_forest_lined_3,
          infiniplex_forest_lined_corner, infiniplex_forest_clump_double,
          infiniplex_forest_straight_3, infiniplex_forest_clump_C,
          infiniplex_forest_diagonal, minmay_tromino_v4_c, uniq_jessica,
          uniq_robin
D:3:      nicolae_dithmenos_shadow_blocks, uniq_iyjb, uniq_sigmund
D:4:      ashenzari_conservatory_becter, tgw_trog, tgw_sif, first_bread,
          uniq_duvessa, uniq_natasha, uniq_crazy_yiuf_cottage
D:5:      lemuel_crystal_altar, lemuel_doored_altar, minmay_liquid_box,
          uniq_menkaure
D:6:      lemuel_round_altar, serial_shops, shop, uniq_eustachio
D:7:      zin_scriptorium, serial_shops, shop, kennysheep_little_box, shop,
          nicolae_shop_crystal, nicolae_shop_behind_doors,
          kennysheep_generic_room_10, uniq_joseph
D:8:      vehumet_crystals, minmay_lair_entry_lava, special_room,
          grunt_ogre_cave
D:9:      okawaru_gym_becter, serial_shops, shop,
          nicolae_ru_great_annihilating_truth, uniq_maurice
D:10:     wad_statue_garden, fungi_pond_lemuel, nooodl_food_tri
D:11:     david_orc_2, patterned_corridor
D:12:     st_stairs_4, basic_loot_grate_trap
D:13:     grunt_vaults_entry_fortified, hangedman_feature_mirror,
          grunt_ministairs_13, minivault_27, uniq_josephine
D:14:     minmay_misc_feat_plants
D:15:     grunt_enter_depths_hoard, solitary_fountain,
          hangedman_abyss_or_decor_lesser_grid, lemuel_statue_altar
Temple:   minmay_temple_curvy_loop
Lair:2:   guppyfry_lair_drakes
Lair:3:   minmay_shoals_entry_beasts, grunt_forest_small_clearings
Lair:4:   dummy_spider_entry, grunt_forest_large_clearing_hut
Lair:5:   slime_dummy, serial_bayou_shore_a, serial_bayou_shore_b
Lair:6:   evil_forest
Orc:2:    st_orc_town, portal_ice_cave_entry_imps, guppyfry_library_mini
Elf:1:    serial_shops, nicolae_shop_statue_plus, minmay_elf_crystal_hexagon
Elf:2:    serial_shops, shop, minivault_28
Elf:3:    nooodl_elf_gasket, serial_shops, shop
IceCv:    ice_cave_small_giant

Skill      XL: |  1  2  3  4  5  6  7  8  9 10 11 12 13 |
---------------+----------------------------------------+-----
Axes           | 4 5 6 8 9 10 12 13 15 16 17 | 17.4
Armour         | 1 3 4 5 7 8 9 10 11 | 11.9
Fighting       | 3 5 6 7 8 9 10 | 10.5
Invocations    | 4 |  4.1
Dodging        | 6 8 9 |  9.6
Stealth        | |  2.4

Action                   |  1- 3 |  4- 6 |  7- 9 | 10-12 | 13-15 || total
-------------------------+-------+-------+-------+-------+-------++-------
Melee: Hand axe          |    89 |   101 |    65 |       |       ||   255
       War axe           |       |       |   314 |   200 |       ||   514
       Battleaxe         |       |       |       |   279 |   268 ||   547
       Flail             |       |       |       |    13 |       ||    13
Invok: Lesser Servant of |       |       |       |     3 |     1 ||     4
 Abil: Device Recharging |       |     2 |     2 |     1 |     1 ||     6
       Evoke Blink       |       |       |       |       |     1 ||     1
Evoke: Wand              |     2 |     8 |    12 |     7 |     6 ||    35
  Use: Scroll            |       |     5 |     7 |     9 |     3 ||    24
       Potion            |       |       |     3 |       |     3 ||     6
 Stab: Distracted        |     1 |       |       |     1 |     2 ||     4
       Invisible         |       |       |    13 |       |       ||    13
  Eat: Chunk             |       |       |     3 |     4 |     1 ||     8
       Beef jerky        |       |       |     1 |     1 |       ||     2
       Meat ration       |       |       |       |     1 |       ||     1
       Bread ration      |       |       |       |     2 |       ||     2
       Royal jelly       |       |       |       |     1 |       ||     1
       Pizza             |       |       |       |     1 |     1 ||     2
Armor: Robe              |    45 |       |       |       |       ||    45
       Plate armour      |     9 |    61 |   242 |   174 |       ||   486
       Chain mail        |       |       |       |   240 |   148 ||   388
Dodge: Dodged            |    99 |    17 |   110 |   260 |   134 ||   620
